 Dungeon Crawl Stone Soup version 0.28-a0-1190-g77e1c55843 (webtiles) character file.

Game seed: 16263574516492694268

142350 Peloso the Fencer (level 16, -3/147 (159) HPs)
             Began as a Minotaur Fighter on Dec 18, 2021.
             Was the Champion of Okawaru.
             Killed from afar by a deep elf annihilator (32 damage)
             ... with a bolt of lightning
             ... on level 3 of the Elven Halls.
             The game lasted 01:17:43 (29753 turns).

Peloso the Fencer (Minotaur Fighter)               Turns: 29753, Time: 01:17:45

HP:   -3/147 (159)  AC: 35    Str: 36    XL:     16   Next: 80%
MP:   16/16         EV: 12    Int:  5    God:    Okawaru [******]
Gold: 2344          SH: 11    Dex: 17    Spells: 15/15 levels left

rFire   + + +      SeeInvis +   a - +10 long sword "Vagix" {freeze, rF+++ Will+ SInv Stlth-}
rCold   + . .      Faith    .   c - +2 buckler {rC+}
rNeg    . . .      Spirit   .   n - +7 plate armour of Pudef {Rampage Regen+ Str+6 Dex+2}
rPois   +          Reflect  .   U - +2 hat {Will+}
rElec   .          Harm     .   s - +2 cloak {rPois}
rCorr   +          Rampage  +   y - +1 pair of gloves
Will    +++..                   P - +0 pair of boots of Meilewki {+Inv Fly rPois}
Stlth   ..........              (no amulet)
HPRegen 1.14/turn               u - +6 ring of strength
MPRegen 0.15/turn               m - ring of resist corrosion

@: lethally poisoned (-3 -> -3), about to teleport, flying, drained
A: horns 2, retaliatory headbutt
a: Renounce Religion, Evoke Invisibility, Heroism, Finesse, Duel


You were on level 3 of the Elven Halls.
You worshipped Okawaru.
Okawaru was exalted by your worship.
You visited 5 branches of the dungeon, and saw 27 of its levels.
You also visited: Ice Cave.

You collected 2752 gold pieces.
You spent 408 gold pieces at shops.

Inventory:

Hand Weapons
 a - the +10 long sword "Vagix" (weapon) {freeze, rF+++ Will+ SInv Stlth-}
   (You found it in an ice cave)

   It freezes those it strikes, dealing additional cold damage.
   It can also slow down cold-blooded creatures.
   rF:        It renders you almost immune to fire.
   SInv:      It lets you see invisible.
   Will:      It increases your willpower.
   Stlth:     It makes you less stealthy.
 b - a +2 scimitar of flaming
Armour
 c - a +2 buckler of cold resistance (worn)
 f - +2 swamp dragon scales
 n - the +7 plate armour of Pudef (worn) {Rampage Regen+ Str+6 Dex+2}
   (You found it on level 12 of the Dungeon)

   Str:       It affects your strength (+6).
   Dex:       It affects your dexterity (+2).
   Regen:     It increases your rate of health regeneration.
   Rampage:   It bestows one free step when moving towards enemies.
 s - a +2 cloak of poison resistance (worn)
 y - a +1 pair of gloves (worn)
 P - the +0 pair of boots of Meilewki (worn) {+Inv Fly rPois}
   (Okawaru gifted it to you on level 11 of the Dungeon)

   rPois:     It protects you from poison.
   +Inv:      It lets you turn invisible.
   Fly:       It grants you flight.
 U - a +2 hat of willpower (worn)
Jewellery
 m - a ring of resist corrosion (right hand)
 u - a +6 ring of strength (left hand)
Wands
 j - a wand of iceblast (4)
 r - a wand of digging (2)
Scrolls
 e - 6 scrolls of identify
 h - a scroll of silence
 k - 4 scrolls of acquirement
 l - 5 scrolls of noise
 o - 3 scrolls of blinking
 p - 3 scrolls of enchant weapon
 q - 2 scrolls of immolation
 v - a scroll of amnesia
 x - 7 scrolls of teleportation
 D - 3 scrolls of fear
 N - 5 scrolls of magic mapping
Potions
 d - 3 potions of might
 g - 3 potions of resistance
 i - 3 potions of heal wounds
 t - a potion of magic
 z - 2 potions of cancellation
 C - 12 potions of curing
 J - 3 potions of haste
 L - a potion of ambrosia
 T - 2 potions of berserk rage


   Skills:
 + Level 18.6 Fighting
 + Level 19.4 Long Blades
 + Level 4.4 Polearms
 + Level 17.8 Armour
 + Level 5.2 Dodging
 + Level 3.0 Stealth
 + Level 16.3 Shields
 + Level 1.6 Invocations
 + Level 2.1 Evocations


You had 15 spell levels left.
You didn't know any spells.
Your spell library contained the following spells:

 Spells                   Type           Power      Damage    Failure   Level
 Apportation              Tloc           0%         N/A       89%         1
 Beastly Appendage        Tmut           0%         N/A       89%         1
 Sting                    Tmut/Pois      0%         1d3       89%         1
 Corpse Rot               Necr/Air       0%         N/A       96%         2
 Ensorcelled Hibernation  Hex/Ice        0%         N/A       96%         2
 Poisonous Vapours        Pois/Air       0%         N/A       96%         2
 Static Discharge         Conj/Air       0%         N/A       96%         2
 Sublimation of Blood     Necr           0%         N/A       96%         2
 Gell's Gravitas          Tloc           0%         N/A       99%         3
 Lesser Beckoning         Tloc           0%         N/A       99%         3
 Ozocubu's Armour         Ice            0%         N/A       99%         3
 Spider Form              Tmut/Pois      0%         N/A       99%         3
 Stone Arrow              Conj/Erth      0%         3d7       99%         3
 Teleport Other           Tloc           0%         N/A       99%         3
 Airstrike                Air            0%         N/A       100%        4
 Dispel Undead            Necr           0%         3d6       100%        4
 Fulminant Prism          Conj/Hex       0%         3d6       100%        4
 Hailstorm                Conj/Ice       0%         3d3       100%        4
 Ice Form                 Ice/Tmut       0%         N/A       100%        4
 Iskenderun's Mystic Bla  Conj/Tloc      0%         2d3       100%        4
 Olgreb's Toxic Radiance  Pois           0%         N/A       100%        4
 Petrify                  Tmut/Erth      0%         N/A       100%        4
 Alistair's Intoxication  Tmut/Pois      0%         N/A       100%        5
 Borgnjor's Vile Clutch   Necr/Erth      0%         N/A       100%        5
 Fireball                 Conj/Fire      0%         3d3       100%        5
 Freezing Cloud           Conj/Ice/Air   0%         6-21      100%        5
 Irradiate                Conj/Tmut      0%         3d14      100%        5
 Iskenderun's Battlesphe  Conj           0%         2d6       100%        5
 Lee's Rapid Deconstruct  Erth           0%         3d5*      100%        5
 Lightning Bolt           Conj/Air       0%         1d11      100%        5
 Conjure Ball Lightning   Conj/Air       0%         3x3d6     100%        6
 Eringya's Noxious Bog    Tmut/Pois      0%         N/A       100%        6
 Statue Form              Tmut/Erth      0%         N/A       100%        6
 Orb of Destruction       Conj           0%         N/A       100%        7
 Ozocubu's Refrigeration  Ice            0%         4d5       100%        7
 Lehudib's Crystal Spear  Conj/Erth      0%         10d2      100%        8
 Maxwell's Capacitive Co  Air            0%         ∞         100%        8
 Animate Armour           Summ/Erth      Unusable   N/A       N/A         4
 Summon Lightning Spire   Summ/Air       Unusable   N/A       N/A         4
 Death Channel            Necr           Unusable   N/A       N/A         6
 Simulacrum               Ice/Necr       Unusable   N/A       N/A         6

Dungeon Overview and Level Annotations

Branches:
Dungeon (15/15)            Temple (1/1) D:5            Lair (6/6) D:11
 Shoals (0/4) Lair:4        Snake (0/4) Lair:4        Slime (0/5) Lair:5
    Orc (2/2) D:9             Elf (3/3) Orc:2        Vaults (0/5) D:13
 Depths (0/4) D:15          IceCv (visited)

Altars:
Ashenzari
Cheibriados
Dithmenos
Elyvilon
Fedhas
Gozag
Hepliaklqana
Kikubaaqudgha
Makhleb
Nemelex Xobeh
Okawaru
Qazlal
Ru
Sif Muna
Trog
Uskayaw
Vehumet
Wu Jian
Xom
Yredelemnul
Zin
The Shining One
Beogh
Jiyva

Shops:
D:2 [   D:5 *   D:15 (   Orc:2 (?*=(

Portals:
Pandemonium: Orc:2

Annotations:
D:2 Shadow Dragon
D:15 2 transporters, Hucluil's ghost, journeyman NaIE
Elf:2 3 runed translucent doors


Innate Abilities, Weirdness & Mutations

You have a pair of horns on your head.
You reflexively headbutt those who attack you in melee.


Message History

You slash the Tzitzimitl! Your headbutt misses the Tzitzimitl.
The Tzitzimitl is lightly wounded.
You feel sick.
The deep elf demonologist casts a spell.
The deep elf high priest calls down the wrath of its god upon you.
Something smites you!
* * * LOW HITPOINT WARNING * * *
The deep elf sorcerer shouts, "You are history!"
The Tzitzimitl calls on the powers of darkness!
Your body is wracked with pain!
* * * LOW HITPOINT WARNING * * *
The deep elf sorcerer convulses!
The deep elf zephyrmancer convulses!
The deep elf annihilator convulses!
The deep elf demonologist convulses!
The deep elf high priest convulses!
The deep elf sorcerer convulses!
The deep elf knight convulses! x2
The deep elf annihilator gestures at you while chanting.
The bolt of lightning hits you!
* * * LOW HITPOINT WARNING * * *
You feel much better.
You feel sick.
The deep elf sorcerer casts a spell at you.
The bolt of acid hits you! You resist.
* * * LOW HITPOINT WARNING * * *
You hear rumbling.
The deep elf knight shoots an arrow.
The arrow hits you!
* * * LOW HITPOINT WARNING * * *
The arrow freezes you.
* * * LOW HITPOINT WARNING * * *
The Tzitzimitl calls on the powers of darkness!
The deep elf zephyrmancer convulses!
You feel a surge of unholy energy.
The deep elf annihilator convulses!
The deep elf demonologist convulses!
The deep elf sorcerer convulses! x2; The deep elf high priest convulses!
The deep elf knight convulses! x2
You feel much better.
You feel sick.
The deep elf sorcerer hits you but does no damage.
The deep elf demonologist mumbles some strange words.
The deep elf zephyrmancer gestures wildly while chanting.
The deep elf zephyrmancer blinks!
The deep elf annihilator points at you and mumbles some strange words.
The bolt of lightning hits you!!
You die...

#...#...#
#...#...#
#...#...#
#...#...#
#...#...#
#...#...#
#...#...#
#...#...#######
#@1e+..........
#eee1..........
#..ee).........
#3.e.e....#######
#....<.).........
#.....)[.[)......
#.........[......
#####.......#####
#..##.#)#


You could see a Tzitzimitl (summoned), a deep elf annihilator (empowered), an
Executioner (summoned), 2 deep elf sorcerers, a soul eater (summoned), a deep
elf demonologist (empowered), 2 deep elf knights, a deep elf high priest
(brilliance aura) and a deep elf zephyrmancer (empowered).

Vanquished Creatures
  A deep elf master archer (Elf:3)
  A deep elf blademaster (Elf:2)
  Gastronok (Lair:2)
  A frost giant (IceCv)
  3 deep elf sorcerers
  The ghost of Gilette the Earth Mage, a journeyman DrEE of Vehumet (Orc:1)
  A deep elf elementalist (Elf:3)
  An orc warlord (Orc:1)
  An ironbound preserver (D:13)
  A deep elf demonologist (Elf:1)
  A dire elephant (Lair:6)
  Nessos (Lair:5)
  A deep elf annihilator (Elf:3)
  2 deep elf death magi
  A deep elf high priest (Elf:2)
  Erolcha (D:11)
  10 hydras
  A boulder beetle (Lair:3)
  2 demonspawn (Orc:2)
  3 catoblepae
  An ogre mage (D:15)
  7 two-headed ogres
  A centaur warrior (D:14)
  A merfolk avatar (Lair:6)
  10 dancing weapons
  A death yak (IceCv)
  5 orc high priests
  Urug (Orc:2)
  Sonja (Orc:1)
  2 sun demons (Orc:2)
  A sixfirhy (Orc:2)
  Nergalle (Lair:4)
  7 deep elf knights
  5 skeletal warriors
  2 sea snakes (Lair:6)
  An orange crystal statue (Elf:1)
  9 deep elf archers
  A lindwurm (Lair:3)
  10 deep elf pyromancers
  Pikel (D:8)
  12 deep elf zephyrmancers
  A harpy (Lair:6)
  A necromancer (D:15)
  7 orc knights
  4 manticores
  14 orc sorcerers
  2 ugly things
  5 cyclopes
  3 elephants
  An ice statue (IceCv)
  A torpor snail (Lair:4)
  9 black mambas
  12 cane toads
  An efreet (D:13)
  2 unseen horrors (D:12)
  A centaur skeleton (D:15)
  7 rime drakes
  12 komodo dragons
  2 kobold demonologists (D:12)
  6 trolls
  A meliai (shapeshifter) (D:13)
  10 polar bears
  3 hornets
  2 wind drakes (Lair:6)
  A snapping turtle (Lair:6)
  4 slime creatures (D:12)
  6 dream sheep (Lair:6)
  26 blink frogs
  Prince Ribbit (D:5)
  2 centaur simulacra
  2 shadows
  5 wyverns
  2 tarantellas (shapeshifter)
  83 yaks
  3 vampires
  A fire elemental (Elf:2)
  5 water elementals
  A wraith (D:13)
  A redback simulacrum (D:13)
  14 basilisks
  2 steam dragons
  16 vampire mosquitoes
  Grum (D:9)
  A chaos spawn (Orc:2)
  2 wargs
  3 acid dragons
  22 water moccasins
  42 orc warriors
  An ice beast (D:12)
  A sky beast (D:5)
  2 necrophages
  10 ogres
  A black bear (D:4)
  30 wolves
  8 centaurs
  A phantom (D:6)
  3 kobold brigands
  A wyvern zombie (D:9)
  A gnoll sergeant (D:10)
  2 scorpions (D:4)
  14 bullfrogs
  7 earth elementals
  2 spectral ogres (Orc:1)
  4 killer bees (D:9)
  An elephant simulacrum (Lair:1)
  6 howler monkeys
  6 wights (D:8)
  6 electric eels
  9 centaur zombies
  2 jellies
  6 hounds
  3 bullfrog skeletons
  A bullfrog zombie (D:5)
  32 orc priests
  2 iguanas
  A warg simulacrum (Orc:1)
  Natasha (thrice) (D:4)
  19 orc wizards
  3 spectral orcs (Orc:1)
  A polar bear simulacrum (Lair:1)
  A wolf simulacrum (Lair:1)
  A howler monkey zombie (D:9)
  13 gnolls
  9 adders
  A howler monkey skeleton (D:4)
  5 white imps
  An ufetubus (D:12)
  2 orc simulacra (Orc:1)
  3 worms
  3 dart slugs
  63 orcs
  6 ball pythons
  2 endoplasms (D:4)
  8 giant cockroaches
  3 goblins
  3 hobgoblins
  4 jackals
  14 kobolds
  3 quokkas
  4 bats
  A frilled lizard (D:1)
  A goblin zombie (D:4)
  3 rats
811 creatures vanquished.

Vanquished Creatures (others)
  A deep elf annihilator (Elf:3)
  A deep elf pyromancer (Elf:1)
  A hound (D:11)
  A white imp (D:12)
  26 fungi
  63 plants
  4 toadstools (D:1)
97 creatures vanquished.

Grand Total: 908 creatures vanquished

Notes
Turn   | Place    | Note
-------+----------+-------------------------------------------
     0 | D:1      | Peloso the Minotaur Fighter began the quest for the Orb.
     0 | D:1      | Reached XP level 1. HP: 19/19 MP: 0/0
   270 | D:1      | Reached XP level 2. HP: 19/27 MP: 1/1
   741 | D:1      | Found a faded altar of an unknown god.
  1088 | D:2      | Found Wytel's Antique Armour Shop.
  1131 | D:2      | Reached XP level 3. HP: 22/34 MP: 2/2
  1132 | D:2      | Reached skill level 3 in Long Blades
  1750 | D:3      | Reached XP level 4. HP: 26/41 MP: 3/3
  1988 | D:3      | Reached skill level 5 in Armour
  1988 | D:3      | Reached XP level 5. HP: 38/47 MP: 4/4
  1997 | D:3      | Reached skill level 4 in Long Blades
  2098 | D:3      | Found a hide-covered altar of Uskayaw.
  2512 | D:3      | Reached skill level 5 in Fighting
  2565 | D:3      | Found a blossoming altar of Fedhas.
  3006 | D:4      | Reached XP level 6. HP: 35/56 MP: 5/5
  3077 | D:4      | Noticed Natasha
  3083 | D:4      | Killed Natasha
  3464 | D:4      | Noticed Natasha
  3479 | D:4      | Killed Natasha
  3754 | D:4      | Reached skill level 5 in Long Blades
  3754 | D:4      | Reached XP level 7. HP: 11/61 MP: 6/6
  4041 | D:4      | Found a runed translucent door.
  4041 | D:4      | Noticed a human
  4042 | D:4      | Found a basalt altar of Yredelemnul.
  4122 | D:4      | Noticed Natasha
  4130 | D:4      | Killed Natasha
  4205 | D:4      | Reached skill level 6 in Long Blades
  4205 | D:4      | Reached skill level 1 in Dodging
  4583 | D:5      | Entered Level 5 of the Dungeon
  4583 | D:5      | Noticed Prince Ribbit
  4601 | D:5      | Killed Prince Ribbit
  4602 | D:5      | Reached skill level 1 in Stealth
  4602 | D:5      | Reached XP level 8. HP: 65/70 MP: 7/7
  4758 | D:5      | Found Sab Veuf's General Store.
  4765 | D:5      | Bought a scroll of noise for 13 gold pieces
  4967 | D:5      | Reached skill level 7 in Long Blades
  5071 | D:5      | Found a staircase to the Ecumenical Temple.
  5146 | Temple   | Entered the Ecumenical Temple
  5880 | D:5      | Found a sparkling altar of Nemelex Xobeh.
  6136 | D:6      | Found an iron altar of Okawaru.
  6144 | D:6      | Became a worshipper of Warmaster Okawaru
  6192 | D:6      | Reached skill level 8 in Long Blades
  6526 | D:6      | Found a snail-covered altar of Cheibriados.
  6526 | D:6      | Found a burning altar of Makhleb.
  6536 | D:6      | Reached skill level 5 in Shields
  6629 | D:6      | Found a bloodstained altar of Trog.
  6903 | D:7      | Found a shimmering blue altar of Sif Muna.
  7016 | D:7      | Reached skill level 9 in Long Blades
  7030 | D:7      | Reached XP level 9. HP: 60/78 MP: 8/8
  7066 | D:7      | Reached * piety under Okawaru
  7308 | D:7      | Identified the +7 quarterstaff "Peloso's Death" {vorpal,
                  | rElec Will- Dex+4}
  8376 | D:8      | Noticed Pikel
  8386 | D:8      | Killed Pikel
  8386 | D:8      | Reached ** piety under Okawaru
  8387 | D:8      | Reached skill level 10 in Long Blades
  8775 | D:9      | Found a staircase to the Orcish Mines.
  9060 | D:9      | Reached skill level 10 in Armour
  9121 | D:9      | Noticed a troll
  9126 | D:9      | Reached skill level 11 in Long Blades
  9130 | D:9      | Killed a troll
  9131 | D:9      | Reached XP level 10. HP: 71/88 MP: 9/9
  9277 | D:9      | Noticed Grum
  9285 | D:9      | Reached *** piety under Okawaru
  9293 | D:9      | Killed Grum
  9746 | D:9      | Found a white marble altar of Elyvilon.
  9859 | D:9      | Identified 3 scrolls of acquirement
  9886 | D:10     | Entered Level 10 of the Dungeon
 10007 | D:10     | Reached skill level 12 in Long Blades
 10014 | D:10     | Reached **** piety under Okawaru
 10410 | D:10     | Found a glowing silver altar of Zin.
 10562 | D:10     | Found an ornate altar of the Wu Jian Council.
 10562 | D:10     | Found a radiant altar of Vehumet.
 10640 | D:10     | Identified the +6 flail of Histrionic Forgiveness
                  | {antimagic, *Corrode rElec rPois Int-3}
 10649 | D:11     | Noticed Erolcha
 10653 | D:11     | Noticed a five-headed hydra
 10658 | D:11     | Killed Erolcha
 10658 | D:11     | Reached ***** piety under Okawaru
 10859 | D:11     | Reached XP level 11. HP: 82/97 MP: 10/10
 10859 | D:11     | Noticed a two-headed ogre
 11036 | D:10     | Killed a two-headed ogre
 11037 | D:10     | Reached skill level 13 in Long Blades
 11384 | D:11     | Killed a five-headed hydra
 11384 | D:11     | Identified the +0 pair of boots of Meilewki {+Inv Fly
                  | rPois} (Okawaru gifted it to you on level 11 of the
                  | Dungeon)
 11384 | D:11     | Received a gift from Okawaru
 11428 | D:11     | Found a staircase to the Lair.
 11595 | D:11     | Reached skill level 10 in Fighting
 12218 | Lair:1   | Entered Level 1 of the Lair of Beasts
 12254 | Lair:1   | Reached skill level 1 in Polearms
 12494 | Lair:1   | Found a frozen archway.
 12508 | IceCv    | Entered an ice cave
 12550 | IceCv    | Reached skill level 14 in Long Blades
 13239 | IceCv    | Reached XP level 12. HP: 82/110 MP: 11/11
 13462 | IceCv    | Noticed a frost giant
 13473 | IceCv    | Reached skill level 1 in Invocations
 13492 | IceCv    | Killed a frost giant
 13812 | IceCv    | Identified the +10 long sword "Vagix" {freeze, rF+++ Will+
                  | SInv Stlth-}
 13907 | IceCv    | Identified the +3 falchion of the Middle {chaos, rC+ rN+
                  | Will- Dex+4} (Okawaru gifted it to you in an ice cave)
 13907 | IceCv    | Received a gift from Okawaru
 13916 | IceCv    | Reached skill level 15 in Long Blades
 13961 | IceCv    | Noticed a death yak
 13970 | IceCv    | Killed a death yak
 13971 | IceCv    | Reached skill level 10 in Shields
 14600 | Lair:1   | Received a gift from Okawaru
 15525 | Lair:2   | Noticed Gastronok
 15536 | Lair:2   | Killed Gastronok
 15536 | Lair:2   | Received a gift from Okawaru
 15642 | Lair:2   | Noticed an eight-headed hydra
 15647 | Lair:2   | Killed an eight-headed hydra
 15648 | Lair:2   | Reached XP level 13. HP: 94/119 MP: 13/13
 16652 | D:12     | Reached skill level 16 in Long Blades
 16804 | D:12     | Reached ****** piety under Okawaru
 16998 | D:12     | Received a gift from Okawaru
 16999 | D:12     | Reached skill level 1 in Evocations
 17377 | D:12     | Got the Collected Works on Aerial Shape Shifting
 18401 | D:12     | Received a gift from Okawaru
 18443 | D:12     | Identified the +7 plate armour of Pudef {Rampage Regen+
                  | Str+6 Dex+2}
 18695 | Orc:1    | Entered Level 1 of the Orcish Mines
 18797 | Orc:2    | Entered Level 2 of the Orcish Mines
 18894 | Orc:2    | Found Afromeaf's General Store.
 18934 | Orc:2    | Found Kafow's Magic Scroll Shoppe.
 19028 | Orc:2    | Bought a scroll of blinking for 127 gold pieces
 19028 | Orc:2    | Bought a scroll of identify for 34 gold pieces
 19028 | Orc:2    | Bought a scroll of identify for 34 gold pieces
 19096 | Orc:2    | Received a gift from Okawaru
 19106 | Orc:2    | Reached XP level 14. HP: 131/133 MP: 14/14
 19214 | Orc:2    | Found Jirody's Jewellery Boutique.
 19214 | Orc:2    | Found a one-way gate leading to the halls of Pandemonium.
 19214 | Orc:2    | Found Wypruis's Antique Weapon Shop.
 19284 | Orc:2    | Reached skill level 17 in Long Blades
 19307 | Orc:2    | Noticed Urug
 19309 | Orc:2    | Found a staircase to the Elven Halls.
 19318 | Orc:2    | Killed Urug
 19432 | Orc:2    | Found Borr's Weapon Emporium.
 19571 | Orc:2    | Reached skill level 15 in Fighting
 19927 | Orc:1    | Noticed Sonja
 19935 | Orc:1    | Killed Sonja
 20007 | Orc:1    | Found a runed translucent gate.
 20007 | Orc:1    | Found a runed translucent gate.
 20007 | Orc:1    | Found a runed translucent gate.
 20202 | Orc:1    | Noticed Gilette's ghost (journeyman DrEE)
 20247 | Orc:1    | Noticed an orc warlord
 20264 | Orc:1    | Killed an orc warlord
 20300 | Orc:1    | Received a gift from Okawaru
 20357 | Orc:1    | Reached skill level 15 in Armour
 20619 | Orc:1    | Killed Gilette's ghost
 22381 | Lair:4   | Found a staircase to the Snake Pit.
 22441 | Lair:4   | Noticed Nergalle
 22465 | Lair:4   | Received a gift from Okawaru
 22479 | Lair:4   | Killed Nergalle
 22488 | Lair:4   | Reached XP level 15. HP: 138/145 MP: 15/15
 22749 | Lair:4   | Found a staircase to the Shoals.
 23301 | Lair:5   | Noticed Nessos
 23314 | Lair:5   | Killed Nessos
 23324 | Lair:5   | Found a viscous altar of Jiyva.
 23329 | Lair:5   | Found a staircase to the Slime Pits.
 23898 | Lair:6   | Entered Level 6 of the Lair of Beasts
 23915 | Lair:6   | Reached skill level 18 in Long Blades
 24183 | Lair:6   | Reached skill level 5 in Dodging
 24319 | Lair:6   | Received a gift from Okawaru
 25300 | D:13     | Found a gate to the Vaults.
 25886 | D:14     | You are sucked into a shaft and drop 1 floor!
 25886 | D:15     | Entered Level 15 of the Dungeon
 25938 | D:15     | Found a transporter.
 25939 | D:15     | Noticed Hucluil's ghost (journeyman NaIE)
 25941 | D:15     | Found a transporter.
 26139 | D:15     | Found Ricux's Weapon Shoppe.
 26223 | D:15     | Reached skill level 15 in Shields
 26253 | D:15     | Identified the +3 robe "Inyuq" {*Slow rC+ MP+9}
 26442 | D:15     | Received a gift from Okawaru
 26450 | D:15     | Reached XP level 16. HP: 156/157 MP: 16/16
 26459 | D:15     | Found a staircase to the Depths.
 27398 | Elf:1    | Entered Level 1 of the Elven Halls
 27652 | Elf:1    | Identified the +2 helmet of Quantum Leap {rCorr Int+3}
 28305 | Elf:1    | Reached skill level 19 in Long Blades
 28513 | Elf:2    | Identified the +1 demon blade "Minotaur's Peril" {vamp,
                  | Int+4 Dex+2 Stlth+} (Okawaru gifted it to you on level 2 of
                  | the Elven Halls)
 28513 | Elf:2    | Received a gift from Okawaru
 28572 | Elf:2    | Found Xeefih's Magic Scroll Emporium.
 28585 | Elf:2    | Bought a scroll of identify for 20 gold pieces
 28585 | Elf:2    | Bought a scroll of identify for 20 gold pieces
 28585 | Elf:2    | Bought a scroll of teleportation for 30 gold pieces
 28585 | Elf:2    | Bought a scroll of identify for 20 gold pieces
 28585 | Elf:2    | Bought a scroll of fear for 35 gold pieces
 28585 | Elf:2    | Bought a scroll of enchant weapon for 75 gold pieces
 28846 | Elf:2    | Found a runed translucent gate.
 28847 | Elf:2    | Found a runed translucent gate.
 28847 | Elf:2    | Found a runed translucent gate.
 29005 | Elf:3    | Entered Level 3 of the Elven Halls
 29277 | Elf:3    | Noticed a deep elf master archer
 29288 | Elf:3    | Noticed a deep elf blademaster
 29289 | Elf:3    | Killed a deep elf master archer
 29309 | Elf:2    | Killed a deep elf blademaster
 29609 | Elf:2    | Received a gift from Okawaru
 29679 | Elf:3    | Noticed a Tzitzimitl
 29745 | Elf:3    | Noticed a Tzitzimitl
 29751 | Elf:3    | HP: 7/147 [deep elf annihilator/bolt of lightning (8)]
 29752 | Elf:3    | HP: 3/147 [deep elf knight/arrow (2)]
 29753 | Elf:3    | Killed from afar by a deep elf annihilator

Illustrated notes

Levels and vault maps discovered:
D:1:      ldierk_walled_garden_2, layout_basic,
          hellmonk_ecumenical_altar_heavens_door
D:2:      layout_rooms, serial_shops, nicolae_square_shop
D:3:      layout_basic, fedhas_altar_3, mainiacjoe_overflow_alcove_4
D:4:      layout_rooms, dk_yredelemnul_ordeal, minmay_three_crescents,
          uniq_natasha
D:5:      layout_layer_cave, marbit_many_paths, minmay_temple_entry_nine_rooms,
          serial_shops, shop, skrybe_limestone_x, uniq_prince_ribbit1
D:6:      layout_rooms, gammafunk_temple_overflow_elements, okawaru_trees_1,
          lightli_temple_of_fire, amethyst_killhole
D:7:      layout_loops_corners, nicolae_sif_muna_condensation
D:8:      layout_layer_cave, uniq_pikel
D:9:      layout_irregular_city, general_overflow_altar, david_orc_2, uniq_grum
D:10:     layout_rooms, gammafunk_temple_overflow_statue, zin_statuary,
          kennysheep_small_circle
D:11:     layout_layer_cave, erik_lair_island, palyth_stone_intersect,
          uniq_erolcha
D:12:     layout_long_grid, serial_ice, serial_ice_g, serial_ice_b,
          serial_ice_d, serial_ice_k, hangedman_cracks_in_the_wall
D:13:     layout_irregular_city, skrybe_vaults_entry_preservation
D:14:     layout_irregular_city, minmay_misc_feat_room, minivault_13
D:15:     grunt_enter_depths_magical_seal, layout_rooms, gammafunk_ghost_hive,
          serial_co_window_serial, co_window_corner_a,
          co_window_of_opportunity_a, co_window_corner_a, co_window_corner_a,
          co_window_paths_a, co_window_corner_ca, co_window_unsneaky_path_a,
          co_window_2corner, co_window_4corner_b, glass_columns_b,
          glass_columns_b, glass_columns_a, serial_shops,
          nicolae_shop_bloodbath_and_beyond
Temple:   nicolae_temple_figure_zero
Lair:1:   layout_cave_pods, portal_ice_cave_entry_ice_simulacra,
          infiniplex_staircase_pool_2
Lair:2:   layout_concentric_octagons, infiniplex_staircase_pool, uniq_gastronok
Lair:3:   wad_woods_structure_01, layout_regular_city,
          grunt_forest_large_clearing_hut
Lair:4:   layout_cave_shapes, shoals_dummy_entry,
          minmay_snake_entry_six_corridors, uniq_nergalle
Lair:5:   layout_cave_pods, slime_altar_1, nicolae_lair_grove_arrangements,
          uniq_nessos
Lair:6:   gammafunk_lair_ancient_temple, layout_small_grid
Orc:1:    orc_temple, layout_caves, gammafunk_ghost_necromancy, abandoned_shop,
          uniq_sonja
Orc:2:    pf_orc_diabolical, layout_diamond_mine, serial_shops,
          nicolae_shop_crystal, uniq_urug
Elf:1:    layout_geoelf_diagonals, minmay_elf_demonology, minivault_19,
          minivault_15, nrook_uturn, hangedman_elven_pyramids
Elf:2:    nicolae_elf_blades_crystal_corner, layout_rooms, serial_shops,
          nicolae_diamond_shop, lemuel_elevator
Elf:3:    minmay_elf_hall_four_x, layout_onion_city

Skill      XL: |  1  2  3  4  5  6  7  8  9 10 11 12 13 14 15 16 |
---------------+-------------------------------------------------+-----
Fighting       | 4 5 6 8 9 11 12 14 16 17 18 | 18.6
Armour         | 4 5 6 7 8 10 11 12 13 14 15 16 17 | 17.8
Long Blades    | 3 4 5 6 9 11 12 14 15 16 17 18 19 | 19.4
Shields        | 4 5 6 8 9 11 12 13 15 16 | 16.3
Dodging        | 1 2 3 4 5 |  5.2
Stealth        | 1 2 3 |  3.0
Polearms       | 1 3 4 |  4.4
Invocations    | 1 |  1.6
Evocations     | 1 2 |  2.1

Action                   |  1- 3 |  4- 6 |  7- 9 | 10-12 | 13-15 | 16-18 || total
-------------------------+-------+-------+-------+-------+-------+-------++-------
Melee: Long sword        |    93 |   156 |   199 |   129 |  1118 |   290 ||  1985
       Headbutt          |     6 |    29 |    48 |   139 |   369 |    83 ||   674
       Scimitar          |       |       |    70 |   377 |       |       ||   447
       Spear             |       |       |       |     9 |    35 |       ||    44
Invok: Heroism           |       |       |       |     7 |     1 |     1 ||     9
Evoke: Wand              |       |       |       |     7 |     5 |     9 ||    21
  Use: Scroll            |       |       |       |    13 |    17 |     5 ||    35
       Potion            |       |       |       |     3 |     1 |     3 ||     7
Armor: Scale mail        |    20 |       |       |       |       |       ||    20
       Chain mail        |    40 |    91 |   106 |       |       |       ||   237
       Plate armour      |       |       |    60 |   223 |   451 |   182 ||   916
       Ice dragon scales |       |       |       |    42 |   118 |       ||   160
Dodge: Dodged            |    47 |    48 |   111 |   228 |   565 |   116 ||  1115
Block: Buckler           |    16 |    29 |    34 |    96 |   520 |   111 ||   806
       Kite shield       |       |       |    78 |   183 |       |       ||   261

Table legend: (Time is in decaauts)
 A = Elapsed time spent in this place.
 B = Non-inter-level travel time spent in this place.
 C = Inter-level travel time spent in this place.
 D = Time resting spent in this place.
 E = Time spent auto-exploring this place.
 F = Levels seen in this place.
 G = Mean time per level.
                   A        B        C        D        E       F      G
               +--------+--------+--------+--------+--------+-----+--------+
         Total |  29355 |  28200 |   1155 |   2852 |  18036 |  28 | 1048.4 |
       Dungeon |  16100 |  15427 |    673 |   1469 |  11044 |  15 | 1073.3 |
        Temple |    123 |    123 |      0 |      0 |    112 |   1 |  123.0 |
          Lair |   7040 |   6725 |    315 |      0 |   4043 |   6 | 1173.3 |
  Orcish Mines |   2045 |   1881 |    164 |      0 |   1132 |   2 | 1022.5 |
   Elven Halls |   2274 |   2274 |      0 |    576 |   1143 |   3 |  758.0 |
      Ice Cave |   1770 |   1770 |      0 |    807 |    561 |   1 | 1770.0 |
               +--------+--------+--------+--------+--------+-----+--------+

Top non-repeatable levels by time:
  Lair:1: 1938 daAuts
   IceCv: 1770 daAuts
    D:12: 1635 daAuts
    D:10: 1567 daAuts
     D:4: 1539 daAuts
     D:5: 1338 daAuts
  Lair:3: 1331 daAuts
    D:11: 1327 daAuts
  Lair:2: 1193 daAuts
     D:3: 1183 daAuts
   Elf:2: 1177 daAuts
   Orc:2: 1160 daAuts
     D:9: 1159 daAuts
     D:8: 1073 daAuts
     D:7: 1064 daAuts
